 Dungeon Crawl Stone Soup version 0.32-a0-779-g362cfcae2a (webtiles) character file.

Game seed: 567152722489224465

65 kae the Slasher (level 4, -6/33 HPs)
             Began as a Coglin Gladiator on Mar 19, 2024.
             Mangled by Grinder (7 damage)
             ... on level 3 of the Dungeon.
             The game lasted 00:00:52 (1433 turns).

kae the Slasher (Coglin Gladiator)                  Turns: 1433, Time: 00:00:52

Health: -6/33      AC:  4    Str: 15    XL:     4   Next: 14%
Magic:  4/4        EV: 11    Int:  7    God:
Gold:   56         SH:  0    Dex: 17    Spells: 3/3 levels left

rFire   . . .        a - +0 long sword {Paloma}
rCold   . . .        f - +0 dagger {Sanele}
rNeg    . . .        b - +0 leather armour
rPois   .            c - +0 helmet
rElec   .            (no cloak)
rCorr   .            (no gloves)
SInv    .            (no boots)
Will    .....        (amulet unavailable)
Stlth   +            (ring unavailable)
HPRegen 0.25/turn    (ring unavailable)
MPRegen 0.09/turn    (no gizmo)

%: no passive effects
@: revved
A: off-hand wielding, slow wielding, warmup strikes, no jewellery
a: Invent Gizmo


You were on level 3 of the Dungeon.
You visited 1 branch of the dungeon, and saw 3 of its levels.

You collected 56 gold pieces.


Innate Abilities, Weirdness & Mutations

You can wield a second weapon in your off-hand.
It takes a long time for you to wield or remove held weapons.
Your first few attacks do less damage.
You cannot equip rings or amulets.


   Skills:
 - Level 2.0 Fighting
 + Level 4.9 Long Blades
 - Level 1.7 Throwing
 - Level 2.6 Dodging


You had 3 spell levels left.
You didn't know any spells.
Your spell library contained the following spells:

 Spells                   Type           Power      Damage    Failure   Level
 Apportation              Tloc           0%         N/A       50%         1
 Necrotise                Necr           0%         1d4       50%         1
 Sting                    Conj/Alch      0%         1d3       50%         1
 Summon Small Mammal      Summ           0%         N/A       50%         1
 Call Canine Familiar     Summ           0%         N/A       86%         3
 Passwall                 Erth           0%         N/A       86%         3
 Volatile Blastmotes      Fire/Tloc      0%         2d10      86%         3
 Summon Blazeheart Golem  Fire/Summ      0%         N/A       99%         4
 Bombard                  Conj/Erth      0%         9d1       100%        6

Inventory:

Hand Weapons
 a - a +0 long sword (weapon) {Paloma}
 f - a +0 dagger (offhand) {Sanele}
Missiles
 d - 3 throwing nets (quivered) {=f!f}
 e - a javelin
 h - 34 stones
 m - 5 poisoned darts
Armour
 b - a +0 leather armour (worn)
 c - a +0 helmet (worn)
Jewellery
 C - a ring of protection from cold
   (You found it on level 2 of the Dungeon)
 E - a +5 ring of evasion
   (You found it on level 3 of the Dungeon)
Scrolls
 g - a scroll of immolation {!r!r}
 k - a scroll of blinking {!r}
Potions
 i - a potion of enlightenment {unknown}
 j - a potion of brilliance
 l - 2 potions of might {unknown}

Dungeon Overview and Level Annotations

Branches:
Dungeon (3/15) Zot: 16562

Altars:

Annotations:
D:3 Grinder

#.########
.........#####
#...5.....#
#.###@##..#
#.##..#
#.##..#
#.###.##..#
#.........#
#.###.##.##
#........#
#####.#### #.#


You could see Grinder.


Message History

A bat is nearby!
The bat hits you but does no damage.
You see here a bat corpse.
You closely miss the bat with your +0 dagger.
You slash the bat with your +0 long sword!
You kill the bat!
C - a ring of protection from cold No target in view!
No target in view!
You see here a bat corpse.
You see here a bat corpse.
Key pressed, stopping explore.
No target in view!
No target in view!
You see here a bat corpse.
Done exploring.
No target in view!
No target in view!
Done exploring.
No target in view!
No target in view!
Done exploring.
No target in view!
No target in view!
Done exploring.
There is a stone staircase leading down here.
You see here a ball python skeleton.
You climb downwards.
There is a stone staircase leading up here.
E - a +5 ring of evasion No target in view!
No target in view!
Grinder comes into view.
Grinder shouts!
Grinder blinks!
Grinder moves out of view.
The air fills with toxic fumes!
As you read the scroll labelled FOCKEN EXOCAUR, it crumbles to dust.
It was a scroll of poison.
Grinder gestures at you.
You suddenly lose the ability to move!
Grinder blinks!
You can move again.
Unknown command.
Grinder gestures at you. Pain shoots through your body! 😕 HP[-4]
You take 4 damage, and now have 29/33 hp. 😕 HP[+1] Unknown command.
Grinder blinks!
You closely miss Grinder with your +0 dagger.
You barely miss Grinder with your +0 long sword.
Grinder hits you. 😮 HP[-6]
You take 6 damage, and now have 24/33 hp.
You slash Grinder with your +0 long sword!
You hit Grinder with your +0 dagger. Grinder gestures at you.
Pain shoots through your body! 😮 HP[-5]
You take 5 damage, and now have 19/33 hp.
Unknown command.
You hit Grinder with your +0 dagger. You hit Grinder but do no damage.
Grinder hits you.
* * * LOW HITPOINT WARNING * * *
You writhe in agony.
* * * LOW HITPOINT WARNING * * *
😨 HP[-7]
You take 7 damage, and now have 12/33 hp.
MASSIVE DAMAGE!! (PAUSE)
You hit Grinder but do no damage.
You barely miss Grinder with your +0 dagger.
Grinder closely misses you.
Unknown command.
You hit Grinder with your +0 dagger.
You closely miss Grinder with your +0 long sword.
Grinder hits you!
* * * LOW HITPOINT WARNING * * *
You writhe in agony.
* * * LOW HITPOINT WARNING * * *
😱 HP[-8]
You take 8 damage, and now have 4/33 hp.
MASSIVE DAMAGE!! (PAUSE)
You closely miss Grinder with your +0 long sword.
You hit Grinder but do no damage. Grinder hits you.
* * * LOW HITPOINT WARNING * * *
😱 HP[-3]
You take 3 damage, and now have 1/33 hp.
Unknown command.
You hit Grinder with your +0 long sword.
You hit Grinder with your +0 dagger. Grinder barely misses you.
You hit Grinder with your +0 dagger.
You hit Grinder with your +0 long sword.
Grinder barely misses you.
Unknown command.
You closely miss Grinder with your +0 dagger.
You barely miss Grinder with your +0 long sword.
Grinder hits you!
You die...
Grinder sighs, "Dead already?
I want a refund."

Skill      XL: |  1  2 |
---------------+-------+-----
Long Blades    | 4 |  4.9
Fighting       | |  2.0
Throwing       | |  1.7
Dodging        | |  2.6

Action                     |  1- 3 |  4- 6 || total
---------------------------+-------+-------++-------
  Melee: Long sword        |    75 |    29 ||   104
         Dagger            |    65 |    27 ||    92
    Use: Scroll            |     3 |     1 ||     4
 Armour: Leather armour    |    50 |    20 ||    70
  Dodge: Dodged            |    48 |    19 ||    67

Levels and vault maps discovered:
D:1:      amcnicky_arrival_double_pillar, layout_loops_ring
D:2:      layout_basic, hellmonk_ecumenical_altar_inner_sanctum, serial_glass,
          glass_columns_a, glass_columns_b, kennysheep_generic_room_11
D:3:      layout_loops_corners, amcnicky_altar_gilded,
          nicolae_overflow_crystal_walls, general_overflow_altar,
          fedhas_altar_4, uniq_robin, uniq_grinder

Notes
Turn   | Place    | Note
-------+----------+-------------------------------------------
     0 | D:1      | kae the Coglin Gladiator began the quest for the Orb.
     0 | D:1      | Reached XP level 1. HP: 16/16 MP: 1/1
     0 | D:1      | magus.rc [v1.11.3]
   123 | D:1      | Reached XP level 2. HP: 22/22 MP: 2/2
   394 | D:1      | You pick up a book of Callings and begin reading...
   394 | D:1      | You add the spells Summon Small Mammal, Call Canine
                  | Familiar and Summon Blazeheart Golem to your library.
   560 | D:1      | Reached skill level 4 in Long Blades
   708 | D:2      | Reached XP level 3. HP: 27/27 MP: 3/3
   773 | D:2      | You pick up a book of Cantrips and begin reading...
   773 | D:2      | You add the spells Sting, Necrotise and Apportation to your
                  | library.
   800 | D:2      | You pick up a book of Movement and begin reading...
   800 | D:2      | You add the spells Passwall, Volatile Blastmotes and
                  | Bombard to your library.
   977 | D:2      | Reached XP level 4. HP: 29/33 MP: 4/4
  1140 | D:2      | Found a faded altar of an unknown god.
  1407 | D:3      | Noticed Grinder
  1415 | D:3      | Paralysed by Grinder for 5 turns
  1429 | D:3      | HP: 5/33 [Grinder (7)]
  1430 | D:3      | HP: 1/33 [Grinder (4)]
  1433 | D:3      | Mangled by Grinder

Vanquished Creatures
  2 adders (D:2)
  A dart slug (D:2)
  7 bats
  4 endoplasms
  2 giant cockroaches
  3 goblins
  5 hobgoblins
  3 jackals (D:2)
  3 kobolds (D:1)
  3 quokkas (D:2)
  3 ball pythons (D:2)
  2 frilled lizards
  3 rats (D:1)
41 creatures vanquished.

Table legend:
 A = Non-vault XP
 B = Vault XP
 C = Vault XP percentage of total XP
 D = Non-vault monster count
 E = Vault monster count
 F = Vault count percentage of total count
                 A         B        C        D         E       F
            +---------+---------+-------+---------+---------+-------
      Total |      92 |       2 |   2.1 |      40 |       1 |   2.4
            +---------+---------+-------+---------+---------+-------
        D:1 |      30 |       0 |   0.0 |      18 |       0 |   0.0
        D:2 |      62 |       2 |   3.1 |      22 |       1 |   4.3
            +---------+---------+-------+---------+---------+-------

Skill      XL: |  1  2 |
---------------+-------+-----
Long Blades    | 4 |  4.9
Fighting       | |  2.0
Throwing       | |  1.7
Dodging        | |  2.6

Action                     |  1- 3 |  4- 6 || total
---------------------------+-------+-------++-------
  Melee: Long sword        |    75 |    29 ||   104
         Dagger            |    65 |    27 ||    92
    Use: Scroll            |     3 |     1 ||     4
 Armour: Leather armour    |    50 |    20 ||    70
  Dodge: Dodged            |    48 |    19 ||    67

Illustrated notes

Table legend:
 A = Kills in this place as a percentage of kills in the entire game.
 B = Kills by you in this place as a percentage of kills by you in the entire game.
 C = Kills by friends in this place as a percentage of kills by friends in the entire game.
 D = Other kills in this place as a percentage of other kills in the entire game.
 E = Experience gained in this place as a percentage of experience gained in the entire game.
 F = Experience gained in this place divided by the number of levels of this place that you have seen.
                   A       B       C       D       E      F
               +-------+-------+-------+-------+-------+----------------------
         Total | 100.0 | 100.0 |   N/A |   N/A | 100.0 |  31.3
       Dungeon | 100.0 | 100.0 |   N/A |   N/A | 100.0 |  31.3
               +-------+-------+-------+-------+-------+----------------------

Table legend: (Time is in decaauts)
 A = Elapsed time spent in this place.
 B = Non-inter-level travel time spent in this place.
 C = Inter-level travel time spent in this place.
 D = Time resting spent in this place.
 E = Time spent auto-exploring this place.
 F = Levels seen in this place.
 G = Mean time per level.
                   A        B        C        D        E       F      G
               +--------+--------+--------+--------+--------+-----+--------+
         Total |   1437 |   1410 |     27 |      0 |   1133 |   3 |  479.0 |
       Dungeon |   1437 |   1410 |     27 |      0 |   1133 |   3 |  479.0 |
               +--------+--------+--------+--------+--------+-----+--------+

Top non-repeatable levels by time:
     D:2: 708 daAuts
     D:1: 689 daAuts
     D:3: 39 daAuts
